 Dungeon Crawl Stone Soup version 0.14-a0-1546-g4b4961f (webtiles) character file.

76844 Duskembrace the Destroyer (level 15, 0/72 HPs)
             Began as a Deep Elf Fire Elementalist on Dec 18, 2013.
             Was the Champion of Vehumet.
             Slain by an alligator (8 damage)
             ... on Level 1 of the Swamp on Dec 19, 2013.
             The game lasted 03:22:22 (31708 turns).

Duskembrace the Destroyer (DEFE)                   Turns: 31708, Time: 03:22:23

HP   0/72        AC 15     Str  8      XL: 15   Next:  9%
MP  29/39        EV 19     Int 33      God: Vehumet [******]
Gold 1557        SH  0     Dex 19      Spells: 12 memorised,  7 levels left

rFire  . . .     SeeInvis .     W - +7,+6 flail (protect)
rCold  + + +     Clarity  .     K - +1 elf robe {rC+}
rNeg   . . .     Conserve .     (no shield)
rPois  .         rCorr    .     e - +1 wizard hat {MR+}
rElec  .         rRot     .     O - +0 cloak "Frowk" {Dex+4 Int+4 Acc+2}
SustAb + .       Spirit   .     d - +2 pair of elf gloves
rMut   .         Warding  .     v - +1 pair of boots "Gehus" {+Blink +Inv rC++ Acc+5}
Gourm  +         Stasis   .     M - amulet of the gourmand
                                I - +5 ring of intelligence
                                m - ring of sustain abilities {unknown}

@: delayed fireball, very resistant to hostile enchantments, stealthy
A: talons 1
a: Renounce Religion, Release Delayed Fireball, Evoke Blink, Evoke Invisibility


You were on level 1 of the Swamp.
You worshipped Vehumet.
Vehumet was exalted by your worship.
You were very full.

You visited 5 branches of the dungeon, and saw 26 of its levels.
You also visited: Ice Cave.

You collected 2152 gold pieces.
You spent 595 gold pieces at shops.

Inventory:

Hand weapons
 W - a +7,+6 flail of protection (weapon)
Missiles
 y - 12 exploding darts (quivered)
Armour
 d - a +2 pair of elven gloves (worn)
 e - a +1 wizard hat of magic resistance (worn)
 v - the +1 pair of boots "Gehus" (worn) {+Blink +Inv rC++ Acc+5}
   (You found it in an ice cave)

   It affects your accuracy (+5).
   It greatly protects you from cold.
   It lets you turn invisible.
   It lets you blink.
 K - a +1 elven robe of cold resistance (worn)
 O - the +0 cloak "Frowk" (worn) {Dex+4 Int+4 Acc+2}
   (You found it on level 4 of the Dungeon)

   It affects your intelligence (+4).
   It affects your dexterity (+4).
   It affects your accuracy (+2).
 Q - a +1 elven cloak of magic resistance
Magical devices
 f - a wand of invisibility (2) {unknown}
 s - a wand of lightning (3)
 C - a wand of teleportation (6)
 J - a wand of paralysis (8)
Comestibles
 b - an apple
 c - 2 bread rations
 l - 4 meat rations
 o - a beef jerky
 t - 18 strawberries
Scrolls
 k - 2 scrolls of remove curse
 H - a scroll of fear
 U - a scroll of magic mapping
Jewellery
 a - a +3 ring of dexterity
 m - a ring of sustain abilities (left hand) {unknown}
 u - an uncursed amulet of clarity {unknown}
 G - an uncursed ring of ice
 I - a +5 ring of intelligence (right hand)
 M - an amulet of the gourmand (around neck)
 N - an uncursed ring of positive energy
 P - an uncursed ring of teleportation
Potions
 h - 3 potions of heal wounds
 p - 3 potions of restore abilities
 q - a potion of cure mutation {unknown}
 w - a potion of lignification {unknown}
 x - 5 potions of curing
 A - a potion of paralysis {unknown}
 B - a potion of invisibility {unknown}
 D - 2 potions of agility
 E - 4 potions of resistance
 F - 2 potions of brilliance
 S - 2 potions of speed
Books
 i - a book of Geomancy

   Spells                             Type                      Level
   Sandblast                          Earth                        1
   *Stoneskin                         Transmutation/Earth          2
   Passwall                           Transmutation/Earth          3
   *Stone Arrow                       Conjuration/Earth            3
   Petrify                            Transmutation/Earth          4
   Lee's Rapid Deconstruction         Earth                        5


   Skills:
 + Level 0.7 Fighting
 - Level 1.0 Maces & Flails
 * Level 8.2 Dodging
 - Level 2.4 Stealth
 + Level 15.9 Spellcasting
 + Level 16.1 Conjurations
 + Level 0.7 Transmutations
 + Level 16.0 Fire Magic
 * Level 8.9 Earth Magic
 + Level 1.4 Evocations


You had 7 spell levels left.
You knew the following spells:

 Your Spells              Type           Power        Failure   Level  Hunger
a - Flame Tongue          Conj/Fire      #####        0%          1    None
b - Throw Flame           Conj/Fire      ######       0%          2    None
c - Conjure Flame         Conj/Fire      #######.     0%          3    None
d - Sticky Flame          Conj/Fire      #######.     1%          4    None
e - Fireball              Conj/Fire      #######...   1%          5    None
f - Sting                 Conj/Pois      ####         1%          1    None
g - Spider Form           Trmt/Pois      ####......   4%          3    None
h - Bolt of Fire          Conj/Fire      #######...   1%          6    ##.....
i - Stoneskin             Trmt/Erth      ######....   1%          2    None
j - Stone Arrow           Conj/Erth      ######       1%          3    None
l - Iron Shot             Conj/Erth      #######...   1%          6    ##.....
m - Delayed Fireball      Conj/Fire      N/A          1%          7    ####...


Dungeon Overview and Level Annotations

Branches:
Dungeon (15/16)            Temple (1/1) D:5             Orc (4/4) D:9
    Elf (0/3) Orc:3          Lair (5/8) D:10          Swamp (1/5) Lair:3
 Spider (0/5) Lair:3       Vaults (0/5) D:14

Altars:
Ashenzari
Cheibriados
Elyvilon
Fedhas
Kikubaaqudgha
Makhleb
Nemelex Xobeh
Okawaru
Sif Muna
Trog
Vehumet
Xom
Yredelemnul
Zin
the Shining One
Beogh

Shops:
D:7 *   D:11 /   D:14 }   D:15 !   Orc:4 *:!*


Innate Abilities, Weirdness & Mutations

You have sharp toenails.*


Message History

Aim: an alligator (moderately wounded, moving somewhat quickly)
The sticky flame hits the alligator.
The alligator is heavily wounded.
The alligator is covered in liquid flames!
The alligator burns!
The alligator bites you! The alligator closely misses you.
The alligator bites you. The alligator tail-slaps you!
The alligator burns!
The alligator burns!
Casting: Sticky Flame
Confirm with . or Enter, or press ? or * to list all spells.
Aiming: Sticky Flame
Press: ? - help, Shift-Dir - straight line, f/p - alligator
Aim: an alligator (severely wounded, covered in liquid flames, moving somewhat quickly)
The sticky flame hits the alligator.
The alligator is almost dead.
The alligator is covered in liquid flames!
The alligator burns!
The alligator bites you!
* * * LOW HITPOINT WARNING * * *
The alligator tail-slaps you!
You die...

... .≈.. .≈≈≈.♣
♣.≈≈≈≈≈ ♣♣♣ ...≈≈≈.♣♣
♣≈≈♣
...≈≈...♣♣♣♣♣≈≈§♣♣
.....≈!.%..≈≈♣≈.≈.♣
...≈..≈......♣≈..♣
≈≈..♣.P....t@..≈.♣♣
≈≈≈≈..≈♣♣♣♣♣≈.>≈≈≈≈♣
.≈≈≈≈≈.. ♣.....≈≈≈♣♣
≈..≈≈≈.♣≈≈≈≈..≈≈..≈♣
.≈.≈≈≈≈≈≈♣≈...§.≈♣♣
♣...♣≈§≈........♣
♣♣♣≈..§§......≈≈.♣ ♣♣
♣.♣♣..§.≈≈..≈≈≈≈≈♣
.♣♣♣♣..≈..§≈≈≈≈.♣♣♣♣♣♣


You could see an alligator (burning).

Vanquished Creatures
  Donald (Orc:4)
  Snorg (Lair:5)
  4 vault guards (D:14)
  5 hydras
  Fannar (Orc:4)
  Josephine (Orc:3)
  An orc high priest (Orc:2)
  2 alligators (Swamp:1)
  4 ogre magi (Orc:4)
  A death yak (Lair:3)
  5 centaur warriors
  A catoblepas (D:14)
  A swamp dragon (Swamp:1)
  3 ice statues (IceCv)
  Joseph (Orc:1)
  11 hill giants
  An orc sorcerer (Orc:3)
  A griffon (D:15)
  A red wasp (Swamp:1)
  6 stone golems (D:14)
  A wolf spider (Lair:3)
  2 black mambas
  4 cyclopes
  A spiny worm (D:13)
  6 spiny frogs
  An item mimic (Orc:1)
  2 jumping spiders (Lair:3)
  A hydra zombie (D:9)
  3 komodo dragons
  Sonja (Orc:3)
  16 blink frogs
  Prince Ribbit (D:5)
  A red wasp zombie (D:11)
  2 baby alligators (Swamp:1)
  18 two-headed ogres
  10 slime creatures
  A giant leech (Lair:3)
  5 trolls
  3 basilisks
  2 redbacks (Lair:3)
  A griffon skeleton (D:13)
  2 trapdoor spiders
  14 yaks
  A tarantella (shapeshifter) (D:13)
  3 shadows
  6 ugly things (D:13)
  A wraith (D:13)
  A hog (D:7)
  2 hill giant zombies
  A shark (Lair:3)
  Grum (D:8)
  7 hungry ghosts
  2 hill giant skeletons
  10 hippogriffs
  A manticore (D:9)
  A soldier ant (D:14)
  Edmund (D:7)
  3 wolves (D:8)
  11 vampire mosquitoes
  A mottled dragon (D:14)
  4 swamp worms
  7 porcupines
  2 black bears
  20 orc warriors
  13 ice beasts
  A giant goldfish (Swamp:1)
  3 phantoms
  A swamp drake (Swamp:1)
  A human (D:7)
  5 sky beasts
  10 centaurs
  38 ogres
  18 giant frogs
  5 crocodiles
  2 wargs
  8 water moccasins
  6 big kobolds
  2 gnoll sergeants
  Blork the orc (D:5)
  4 giant slugs
  4 agate snails
  A manticore zombie (D:9)
  A wyvern zombie (D:14)
  20 killer bees
  A manticore skeleton (D:14)
  An eye of draining (D:13)
  4 jellyfish
  A quasit (D:7)
  6 wights
  2 electric eels (Lair:3)
  6 goliath beetles
  16 crimson imps
  17 orc priests
  3 jellies
  A big fish (Lair:3)
  A centaur skeleton (D:8)
  A basilisk zombie (D:14)
  A gnoll shaman (D:8)
  2 giant frog zombies
  12 hounds
  9 iguanas
  22 orc wizards
  4 scorpions
  12 worker ants
  24 sheep
  An ogre skeleton (D:8)
  A hound skeleton (D:5)
  13 gnolls
  34 green rats
  17 adders
  8 giant centipedes
  4 giant mites
  5 worms
  An adder skeleton (D:9)
  An adder zombie (D:6)
  2 giant eyeballs
  6 giant geckos
  3 oozes
  152 orcs
  3 ball pythons
  5 giant cockroaches
  29 goblins
  16 hobgoblins
  17 jackals
  32 kobolds
  12 quokkas
  19 bats
  A giant gecko skeleton (D:4)
  4 giant newts
  A giant spore (D:14)
  A goblin skeleton (Orc:3)
  A goblin zombie (Orc:3)
  3 orc skeletons (Orc:3)
  An orc zombie (Orc:3)
  A quokka zombie (D:10)
  20 rats
  A rat skeleton (D:4)
  29 ballistomycetes
  A plant (D:10)
971 creatures vanquished.

Vanquished Creatures (collateral kills)
  An orc priest (D:9)
  2 orcs (D:9)
3 creatures vanquished.

Vanquished Creatures (others)
  2 giant spores
2 creatures vanquished.

Grand Total: 976 creatures vanquished

Notes
Turn   | Place    | Note
--------------------------------------------------------------
     0 | D:1      | Duskembrace, the Deep Elf Fire Elementalist, began the quest for the Orb.
     0 | D:1      | Reached XP level 1. HP: 10/10 MP: 5/5
   161 | D:1      | Reached skill level 4 in Fire Magic
   161 | D:1      | Reached XP level 2. HP: 6/15 MP: 0/8
   535 | D:1      | Learned a level 2 spell: Throw Flame
   908 | D:1      | Reached XP level 3. HP: 19/19 MP: 5/10
  1388 | D:2      | Learned a level 3 spell: Conjure Flame
  1417 | D:2      | Reached skill level 5 in Fire Magic
  1478 | D:2      | Reached XP level 4. HP: 24/24 MP: 6/13
  3333 | D:3      | Reached XP level 5. HP: 28/28 MP: 12/16
  3351 | D:3      | Learned a level 4 spell: Sticky Flame
  3557 | D:4      | Noticed a phantom
  3575 | D:4      | Killed a phantom
  3575 | D:4      | Reached skill level 6 in Fire Magic
  3575 | D:4      | Reached XP level 6. HP: 19/32 MP: 1/18
  4309 | D:4      | Noticed an ogre
  4313 | D:4      | Killed an ogre
  4534 | D:4      | Got a twisted cloak
  4537 | D:4      | Identified the +0 cloak "Frowk" {Dex+4 Int+4 Acc+2} (You found it on level 4 of the Dungeon)
  4597 | D:5      | Entered Level 5 of the Dungeon
  4661 | D:5      | Reached XP level 7. HP: 33/36 MP: 17/21
  4689 | D:5      | Reached skill level 5 in Conjurations
  4689 | D:5      | Reached skill level 7 in Fire Magic
  4833 | D:5      | Reached skill level 5 in Spellcasting
  4843 | D:5      | Learned a level 5 spell: Fireball
  4874 | D:5      | Paralysed by a giant eyeball for 4 turns
  4880 | D:5      | Paralysed by a giant eyeball for 2 turns
  4915 | D:5      | Found a staircase to the Ecumenical Temple.
  4921 | Temple   | Entered the Ecumenical Temple
  4925 | Temple   | Became a worshipper of Vehumet
  5006 | D:5      | Noticed Blork the orc
  5019 | D:5      | Killed Blork the orc
  5237 | D:5      | Reached XP level 8. HP: 41/41 MP: 9/25
  5406 | D:5      | Noticed Prince Ribbit
  5415 | D:5      | Killed Prince Ribbit
  5562 | D:6      | Reached skill level 8 in Fire Magic
  6233 | D:7      | Acquired Vehumet's first power
  6233 | D:7      | Offered knowledge of Sandblast by Vehumet.
  6641 | D:7      | Reached XP level 9. HP: 45/45 MP: 21/29
  6776 | D:7      | Reached skill level 9 in Fire Magic
  6932 | D:7      | Found Yfeusef's General Store.
  7364 | D:7      | Noticed Edmund
  7379 | D:7      | Killed Edmund
  7424 | D:7      | Reached skill level 10 in Spellcasting
  7857 | D:8      | Reached skill level 10 in Fire Magic
  7890 | D:8      | Offered knowledge of Sting by Vehumet.
  8195 | D:8      | Noticed Grum
  8217 | D:8      | Reached XP level 10. HP: 45/50 MP: 16/31
  8225 | D:8      | Killed Grum
  8334 | D:8      | Learned a level 1 spell: Sting
  8843 | D:8      | Reached skill level 10 in Conjurations
  8946 | D:8      | Reached skill level 11 in Fire Magic
  8974 | D:8      | Offered knowledge of Throw Frost by Vehumet.
  9224 | D:8      | Learned a level 3 spell: Spider Form
  9320 | D:9      | Acquired Vehumet's second power
  9681 | D:9      | Offered knowledge of Iskenderun's Mystic Blast by Vehumet.
  9713 | D:9      | Learned a level 4 spell: Iskenderun's Mystic Blast
 10023 | D:9      | Found a staircase to the Orcish Mines.
 10182 | D:9      | Learned a level 2 spell: Stoneskin
 10614 | D:9      | Found an iron altar of Okawaru.
 10628 | D:9      | Reached skill level 1 in Maces & Flails
 10631 | D:9      | Found an ancient bone altar of Kikubaaqudgha.
 10634 | D:9      | Found a blossoming altar of Fedhas.
 10650 | D:10     | Entered Level 10 of the Dungeon
 10685 | D:10     | Found a staircase to the Lair.
 10747 | Lair:1   | Entered Level 1 of the Lair of Beasts
 11167 | Lair:1   | Acquired Vehumet's third power
 11251 | Lair:1   | Offered knowledge of Airstrike by Vehumet.
 11251 | Lair:1   | Reached skill level 1 in Evocations
 11257 | Lair:1   | Learned a level 3 spell: Stone Arrow
 11492 | Lair:1   | Reached skill level 12 in Fire Magic
 11619 | Lair:1   | Reached XP level 11. HP: 55/55 MP: 25/32
 11806 | Lair:1   | Noticed a five-headed hydra
 11824 | Lair:1   | Killed a five-headed hydra
 11824 | Lair:1   | Reached skill level 1 in Earth Magic
 13471 | Lair:2   | Noticed a four-headed hydra
 13480 | Lair:2   | Killed a four-headed hydra
 13747 | Lair:3   | Reached skill level 13 in Fire Magic
 13919 | Lair:3   | Found a hole to the Spider Nest.
 14007 | Lair:3   | Found a staircase to the Swamp.
 14149 | Lair:3   | Offered knowledge of Olgreb's Toxic Radiance by Vehumet.
 14262 | Lair:3   | Reached XP level 12. HP: 60/60 MP: 24/33
 14299 | Lair:3   | Noticed a death yak
 14591 | Lair:3   | Noticed a death yak
 14779 | Lair:3   | Learned a level 4 spell: Olgreb's Toxic Radiance
 15169 | Lair:3   | Killed a death yak
 15169 | Lair:3   | Reached skill level 5 in Earth Magic
 16459 | Lair:4   | Reached skill level 14 in Fire Magic
 16486 | Lair:4   | Offered knowledge of Bolt of Fire by Vehumet.
 16965 | Lair:5   | Noticed Snorg
 16982 | Lair:5   | Killed Snorg
 18014 | D:9      | You fall through a shaft for 2 floors!
 18359 | Orc:1    | Entered Level 1 of the Orcish Mines
 18584 | Orc:1    | Found a roughly hewn altar of Beogh.
 19172 | Orc:2    | Learned a level 6 spell: Bolt of Fire
 19225 | Orc:2    | You fall through a shaft for 2 floors!
 19225 | Orc:4    | Entered Level 4 of the Orcish Mines
 19550 | Orc:4    | Noticed Fannar
 19575 | Orc:3    | Noticed Josephine
 19581 | Orc:2    | Noticed an orc warlord
 19587 | Orc:3    | Noticed Sonja
 19591 | Orc:3    | Offered knowledge of Poison Arrow by Vehumet.
 19881 | Orc:3    | Killed Sonja
 20340 | Orc:3    | Killed Josephine
 20535 | Orc:3    | Found a staircase to the Elven Halls.
 20588 | Orc:4    | Noticed Donald
 20596 | Orc:4    | Killed Donald
 20596 | Orc:4    | Reached XP level 13. HP: 54/64 MP: 19/36
 20648 | Orc:4    | Killed Fannar
 20954 | Orc:4    | Noticed an ogre mage
 20954 | Orc:4    | Noticed an ogre mage
 20959 | Orc:4    | Noticed an ogre mage
 20975 | Orc:4    | Killed an ogre mage
 21449 | Orc:4    | Found Khuimoapt's Assorted Antiques.
 21449 | Orc:4    | Found Wupuc's Distillery.
 21450 | Orc:4    | Found Qeozo's Book Emporium.
 21450 | Orc:4    | Found Qytamurema's Assorted Antiques.
 21459 | Orc:4    | Bought a potion of heal wounds for 39 gold pieces
 21461 | Orc:4    | Bought a scroll of teleportation for 69 gold pieces
 21475 | Orc:4    | Killed an ogre mage
 21568 | Orc:4    | Noticed an ogre mage
 21571 | Orc:4    | Killed an ogre mage
 21690 | Orc:4    | Bought a potion of beneficial mutation for 455 gold pieces
 21691 | Orc:4    | Gained mutation: You have sharp toenails. [potion of beneficial mutation]
 21695 | Orc:4    | Bought a pair of embroidered elven gloves for 32 gold pieces
 21720 | Orc:4    | Killed an ogre mage
 21970 | Orc:4    | Reached skill level 15 in Fire Magic
 22430 | Orc:1    | Offered knowledge of Iron Shot by Vehumet.
 22438 | Orc:1    | Learned a level 6 spell: Iron Shot
 22590 | Orc:1    | Noticed Joseph
 22594 | Orc:1    | Killed Joseph
 22894 | D:10     | Noticed a six-headed hydra
 22898 | D:10     | Killed a six-headed hydra
 23547 | D:11     | Reached skill level 15 in Conjurations
 23856 | D:11     | Found Konnal's Magical Wand Boutique.
 24356 | D:12     | Found a frozen archway.
 24372 | IceCv    | Entered an ice cave
 24373 | IceCv    | Reached skill level 5 in Dodging
 24698 | IceCv    | Got a pair of ancient boots
 24703 | IceCv    | Identified the +1 pair of boots "Gehus" {+Blink +Inv rC++ Acc+5} (You found it in an ice cave)
 24894 | D:12     | Reached XP level 14. HP: 63/68 MP: 19/38
 25348 | D:12     | Found a glowing silver altar of Zin.
 25380 | D:12     | Offered knowledge of Delayed Fireball by Vehumet.
 25389 | D:12     | Learned a level 7 spell: Delayed Fireball
 27788 | D:14     | Reached skill level 15 in Spellcasting
 27962 | D:14     | Found a gate to the Vaults.
 28614 | D:14     | Offered knowledge of Poisonous Cloud by Vehumet.
 28769 | D:14     | Found Phi Seng's Gadget Boutique.
 29555 | D:15     | Entered Level 15 of the Dungeon
 29592 | D:15     | Found Joisudyf's Distillery.
 30324 | Swamp:1  | Entered Level 1 of the Swamp
 30326 | Swamp:1  | Reached skill level 16 in Conjurations
 30978 | Swamp:1  | Reached XP level 15. HP: 58/72 MP: 6/39
 31355 | Swamp:1  | Paralysed by a red wasp for 2 turns
 31708 | Swamp:1  | Slain by an alligator

Action                   |  1- 3 |  4- 6 |  7- 9 | 10-12 | 13-15 || total
-------------------------+-------+-------+-------+-------+-------++-------
Melee: Dagger            |     3 |    15 |    16 |       |       ||    34
       Flail             |       |       |       |   141 |    10 ||   151
 Cast: Flame Tongue      |    74 |   118 |    70 |    62 |     4 ||   328
       Throw Flame       |     3 |    13 |    95 |   572 |   194 ||   877
       Sticky Flame      |       |     4 |    40 |    92 |    83 ||   219
       Fireball          |       |       |     3 |    68 |    39 ||   110
       Stone Arrow       |       |       |       |    37 |    17 ||    54
       Iskenderun's Myst |       |       |       |    11 |       ||    11
       Bolt of Fire      |       |       |       |    15 |   189 ||   204
       Stoneskin         |       |       |       |     3 |     1 ||     4
       Iron Shot         |       |       |       |       |    34 ||    34
       Delayed Fireball  |       |       |       |       |     1 ||     1
Evoke: Wand              |       |       |     1 |     5 |     4 ||    10
  Use: Scroll            |       |     3 |     7 |    26 |    13 ||    49
       Potion            |       |     1 |     1 |     4 |     4 ||    10
